 Dungeon Crawl Stone Soup version 0.24.0-13-gcf9b319 (webtiles) character file.

Game seed: 2319517739755296572, levelgen mode: deterministic

8456 Bronimir the Zephyrmancer (level 11, -21/63 HPs)
             Began as a Tengu Air Elementalist on Mar 14, 2020.
             Was a Priest of Kikubaaqudgha.
             Killed by the air
             ... invoked by Gastronok
              (46 damage)
             ... on level 9 of the Dungeon.
             The game lasted 00:41:38 (16051 turns).

Bronimir the Zephyrmancer (Tengu Air Elementalist) Turns: 16051, Time: 00:41:39

Health: -21/63     AC:  7    Str:  6    XL:     11   Next: 31%
Magic:  12/24      EV: 16    Int: 18    God:    Kikubaaqudgha [***...]
Gold:   142        SH:  5    Dex: 15    Spells: 1/27 levels left

rFire    . . .     SeeInvis +   a - +1 spear (venom)
rCold    . . .     Gourm    .   v - +0 buckler
rNeg     + + +     Faith    .   R - +1 leather armour "Joesh" {rN+++ Str-3 SInv Stlth+}
rPois    .         Spirit   .   (helmet restricted)
rElec    .         Reflect  .   C - +2 cloak
rCorr    +         Harm     .   (no gloves)
MR       .....                  (boots unavailable)
Stlth    +++.......             (no amulet)
HPRegen  0.20/turn              d - ring of wizardry
MPRegen  0.19/turn              G - ring of resist corrosion

@: flying quickly and evasively, quick
A: beak, talons 3, able to fly
a: Stop Flying, Receive Corpses, Renounce Religion


You were on level 9 of the Dungeon.
You worshipped Kikubaaqudgha.
Kikubaaqudgha was most pleased with you.
You were hungry.

You visited 3 branches of the dungeon, and saw 12 of its levels.

You collected 482 gold pieces.
You spent 340 gold pieces at shops.

Inventory:

Hand Weapons
 a - a +1 spear of venom (weapon)
 b - a +0 arbalest
 m - a +0 hunting sling
 o - a +0 whip
 p - a +0 flail
 y - a +1 dagger of venom
 B - a +2 quarterstaff of chaos
 O - a +0 shortbow
 Q - a +1 dagger of holy wrath
Missiles
 i - 31 poisoned darts (quivered)
 n - 20 sling bullets
 u - 271 stones
 w - 70 bolts
 H - 130 arrows
Armour
 e - a +0 robe
 h - a +0 leather armour
 t - a +0 ring mail
 v - a +0 buckler (worn)
 C - a +2 cloak (worn)
 R - the +1 leather armour "Joesh" (worn) {rN+++ Str-3 SInv Stlth+}
   (You bought it in a shop on level 6 of the Dungeon)

   It affects your strength (-3).
   It renders you almost immune to negative energy.
   It lets you see invisible.
   It makes you more stealthy.
 T - a +2 leather armour of cold resistance
Jewellery
 d - a ring of wizardry (left hand)
 g - an uncursed ring of protection from cold {unknown}
 G - a ring of resist corrosion (right hand)
 M - an uncursed ring of wizardry
 P - an uncursed ring of protection from magic {unknown}
Wands
 r - a wand of random effects (8)
 s - a wand of enslavement (11)
 z - a wand of digging (4)
 S - a wand of flame (8)
Scrolls
 f - 7 scrolls of identify
 k - 10 scrolls of remove curse
 l - a scroll of immolation
 E - 3 scrolls of magic mapping
 N - 5 scrolls of enchant armour
 U - a scroll of amnesia
 V - a scroll of fog
 W - a scroll of vulnerability {unknown}
Potions
 j - a potion of agility {unknown}
 q - 4 potions of curing
 x - a potion of ambrosia
 A - 3 potions of lignification
 D - a potion of berserk rage
 F - 3 potions of cancellation
 I - a potion of haste {unknown}
 J - a potion of flight {unknown}
 K - 3 potions of magic
 L - 2 potions of brilliance {unknown}
 X - a potion of might
Comestibles
 c - 14 rations


   Skills:
 * Level 5.0 Fighting
 + Level 4.8 Polearms
 + Level 1.1 Throwing
 + Level 4.7 Armour
 * Level 4.1 Dodging
 - Level 2.0 Stealth
 + Level 4.1 Shields
 * Level 8.6 Spellcasting
 * Level 5.4 Conjurations
 * Level 5.1 Necromancy
 + Level 10.8 Air Magic
 + Level 3.4 Evocations


You had one spell level left.
You knew the following spells:

 Your Spells              Type           Power        Failure   Level  Hunger
a - Shock                 Conj/Air       ####         1%          1    None
b - Swiftness             Chrm/Air       ####....     1%          2    None
c - Static Discharge      Conj/Air       #####...     1%          3    None
d - Airstrike             Air            #####.....   1%          4    ###....
e - Sublimation of Blood  Necr           ####......   1%          2    None
f - Vampiric Draining     Necr           ####......   1%          3    None
g - Lightning Bolt        Conj/Air       #####.....   5%          5    #####..
h - Passwall              Tmut/Erth      #.......     9%          2    None
i - Animate Skeleton      Necr           N/A          1%          1    None
j - Stone Arrow           Conj/Erth      ###...       5%          3    None

Your spell library contained the following spells:

 Spells                   Type           Power        Failure   Level  Hunger
 Pain                     Necr           ####         1%          1    None
 Sandblast                Erth           #.....       5%          1    None
 Agony                    Necr           ####....     17%         5    #####..
 Dispel Undead            Necr           ####....     17%         5    #####..
 Borgnjor's Vile Clutch   Necr/Erth      ###.......   43%         5    #####..
 Excruciating Wounds      Chrm/Necr      ###.......   43%         5    #####..
 Petrify                  Tmut/Erth      #.......     45%         4    ###....
 Lee's Rapid Deconstruct  Erth           #.........   78%         5    #####..
 Simulacrum               Ice/Necr       ###.......   93%         6    ######.


Dungeon Overview and Level Annotations

Branches:
Dungeon (10/15)            Temple (1/1) D:4            Lair (1/6) D:9
    Orc: D:9-12

Altars:
Ashenzari
Cheibriados
Dithmenos
Elyvilon
Fedhas
Gozag
Hepliaklqana
Kikubaaqudgha
Makhleb
Nemelex Xobeh
Okawaru
Qazlal
Ru
Sif Muna
Trog
Uskayaw
Vehumet
Wu Jian
Xom
Yredelemnul
Zin
The Shining One

Shops:
D:5 !   D:6 [   D:8 :[

Annotations:
D:9 Gastronok


Innate Abilities, Weirdness & Mutations

You have a beak for a mouth.
You have claws for feet.
You can fly continuously.


Message History

Aiming: Shock (safe; 1% risk of failure)
Press: ? - help, Shift-Dir - straight line, f/p - Gastronok
Aim: Gastronok, wearing a +2 hat of magic resistance (lightly wounded, covering ground quickly)
The zap hits Gastronok!
Gastronok is moderately wounded.
Gastronok waves his eye-stalks in wide circles.
The air twists around and violently strikes you in flight!!!
Ouch! That really hurt!
Casting: Shock (safe; 1% risk of failure)
Confirm with . or Enter, or press ? or * to list all spells.
Aiming: Shock (safe; 1% risk of failure)
Press: ? - help, Shift-Dir - straight line, f/p - Gastronok
Aim: Gastronok, wearing a +2 hat of magic resistance (moderately wounded, covering ground quickly)
The zap hits Gastronok but does no damage.
Gastronok is moderately wounded.
Gastronok waves his eye-stalks in wide circles.
The air twists around and violently strikes you in flight!!!
Ouch! That really hurt!
You die...
Kikubaaqudgha rasps: "You have failed me!
Welcome... death!"

..#......##.# #..<....#
..#......##.## #.......#
......_..w...#####.......#
..##......#........#####.#
..##......#........# #.#
..####....#........# #.#
#.####.####........# #.#
#..................#####.#
#####...........@........#
#....................#
#####.......######.......#
............# #.......#
#####.......# #...<...#
#.......# #.......#
#.......# #.......#
#.......# #.......#
#####.......######.......#


You could see Gastronok.

Vanquished Creatures
  Erica (D:8)
  A two-headed ogre (D:7)
  2 spiny frogs (Lair:1)
  A hornet (D:9)
  4 blink frogs (Lair:1)
  A hippogriff (Lair:1)
  A yak (D:8)
  3 hogs (D:8)
  A human (shapeshifter) (D:9)
  A human (D:8)
  A water moccasin (D:9)
  3 orc warriors
  3 porcupines (Lair:1)
  2 ice beasts
  A sky beast (D:5)
  A necrophage (D:5)
  5 ogres
  5 phantoms
  2 centaurs (D:8)
  2 crocodiles (Lair:1)
  A big kobold (D:9)
  3 bullfrogs
  A wyvern skeleton (D:9)
  4 scorpions
  5 killer bees (D:8)
  8 electric eels
  6 crimson imps
  4 howler monkeys
  2 jellies
  4 orc priests
  3 hounds
  5 orc wizards
  Crazy Yiuf (D:3)
  Terence (D:2)
  An iguana (D:8)
  7 worker ants
  Natasha (twice) (D:2)
  A hound zombie (D:7)
  3 hound skeletons
  7 gnolls
  7 adders
  6 shadow imps
  An ooze (D:1)
  4 worms
  6 leopard geckos
  20 orcs
  9 bats
  4 giant cockroaches
  9 goblins
  6 hobgoblins
  9 jackals
  11 kobolds
  3 quokkas
  4 ball pythons
  6 frilled lizards
  A jackal zombie (D:5)
  10 rats
226 creatures vanquished.

Vanquished Creatures (others)
  An adder (D:10)
1 creature vanquished.

Grand Total: 227 creatures vanquished

Notes
Turn   | Place    | Note
-------+----------+-------------------------------------------
     0 | D:1      | Bronimir the Tengu Air Elementalist began the quest for the
                  | Orb.
     0 | D:1      | Reached XP level 1. HP: 10/10 MP: 4/4
   204 | D:1      | Reached XP level 2. HP: 12/15 MP: 6/6
   321 | D:1      | Learned a level 2 spell: Swiftness
   505 | D:1      | Reached XP level 3. HP: 20/20 MP: 1/7
  1233 | D:2      | Reached skill level 5 in Air Magic
  1238 | D:2      | Learned a level 3 spell: Static Discharge
  1240 | D:2      | Noticed Terence
  1259 | D:1      | Reached skill level 1 in Armour
  1783 | D:2      | HP: 1/20 [Terence/+0 flail (7)]
  1788 | D:2      | Killed Terence
  1788 | D:2      | Reached XP level 4. HP: 2/24 MP: 2/8
  2339 | D:2      | Reached skill level 1 in Fighting
  2356 | D:2      | Noticed Natasha
  2364 | D:2      | Killed Natasha
  2467 | D:2      | Noticed Natasha
  2470 | D:2      | Killed Natasha
  2470 | D:2      | Gained mutation: You can fly continuously. [Tengu growth]
  2470 | D:2      | Reached XP level 5. HP: 21/29 MP: 5/9
  3336 | D:3      | Found a runed translucent door.
  3337 | D:3      | Noticed Crazy Yiuf
  3383 | D:3      | Reached XP level 6. HP: 22/35 MP: 7/11
  3389 | D:3      | Learned a level 4 spell: Airstrike
  3540 | D:3      | Killed Crazy Yiuf
  3707 | D:3      | Found a shimmering altar of Xom.
  3770 | D:4      | Found a white marble altar of Elyvilon.
  4051 | D:4      | Found a staircase to the Ecumenical Temple.
  4061 | Temple   | Entered the Ecumenical Temple
  4216 | Temple   | Became a worshipper of Kikubaaqudgha
  4399 | D:5      | Entered Level 5 of the Dungeon
  4418 | D:5      | Reached skill level 6 in Air Magic
  4670 | D:5      | Found an ornate altar of the Wu Jian Council.
  4696 | D:5      | Reached XP level 7. HP: 40/40 MP: 0/12
  4718 | D:5      | Found Tuvvit's Distillery.
  4788 | D:5      | Bought a potion of degeneration for 11 gold pieces
  4788 | D:5      | Bought a potion of magic for 88 gold pieces
  4821 | D:5      | Reached skill level 1 in Polearms
  4927 | D:5      | Reached skill level 1 in Necromancy
  5042 | D:5      | Reached skill level 7 in Air Magic
  5824 | D:5      | Reached XP level 8. HP: 29/43 MP: 0/14
  6170 | D:6      | Found Cisoehygh's Antique Armour Emporium.
  6181 | D:6      | Bought a buckler for 94 gold pieces
  6796 | D:6      | Reached skill level 8 in Air Magic
  7154 | D:7      | Reached * piety under Kikubaaqudgha
  7154 | D:7      | Identified Kikubaaqudgha's Disquisition on Darkness
                  | (Kikubaaqudgha gifted it to you on level 7 of the Dungeon)
  7154 | D:7      | Received a gift from Kikubaaqudgha
  7154 | D:7      | Reached skill level 5 in Conjurations
  7162 | D:7      | Learned a level 2 spell: Sublimation of Blood
  7166 | D:7      | Learned a level 3 spell: Vampiric Draining
  7192 | D:7      | Reached skill level 1 in Shields
  7278 | D:7      | Noticed a two-headed ogre
  7906 | D:7      | Killed a two-headed ogre
  7906 | D:7      | Reached skill level 5 in Spellcasting
  7906 | D:7      | Reached skill level 1 in Evocations
  7906 | D:7      | Reached XP level 9. HP: 30/49 MP: 1/17
  8102 | D:7      | Found a radiant altar of Vehumet.
  8106 | D:7      | Found an opulent altar of Gozag.
  8111 | D:7      | Found a shimmering blue altar of Sif Muna.
  9458 | D:9      | Reached skill level 9 in Air Magic
  9668 | D:9      | Reached skill level 1 in Throwing
 10219 | D:9      | Found a staircase to the Lair.
 10236 | D:9      | Reached ** piety under Kikubaaqudgha
 10302 | D:9      | Reached XP level 10. HP: 54/54 MP: 1/19
 10306 | D:9      | Identified the +4 ring mail of the Loofah {Int+3 Stlth+}
 11084 | D:9      | Found a blossoming altar of Fedhas.
 11153 | D:9      | Noticed Gastronok
 11176 | D:8      | Found Xirehac's Book Shoppe.
 11625 | D:8      | Found an iron altar of Okawaru.
 11661 | D:8      | Found Qaoneguj's Armour Shop.
 11777 | D:8      | Reached skill level 10 in Air Magic
 12008 | D:6      | Bought a shimmering leather armour for 147 gold pieces
 12018 | D:6      | Identified the +1 leather armour "Joesh" {rN+++ Str-3 SInv
                  | Stlth+} (You bought it in a shop on level 6 of the Dungeon)
 12409 | D:8      | Noticed Erica
 12427 | D:8      | Killed Erica
 12855 | D:8      | Learned a level 5 spell: Lightning Bolt
 12858 | D:8      | Learned a level 2 spell: Passwall
 12860 | D:8      | Learned a level 1 spell: Animate Skeleton
 12977 | D:8      | Reached *** piety under Kikubaaqudgha
 12977 | D:8      | Identified Kikubaaqudgha's Almanac of Dark Secrets
                  | (Kikubaaqudgha gifted it to you on level 8 of the Dungeon)
 12977 | D:8      | Received a gift from Kikubaaqudgha
 13911 | Lair:1   | Entered Level 1 of the Lair of Beasts
 13945 | Lair:1   | Noticed a spiny frog
 14317 | D:10     | Entered Level 10 of the Dungeon
 14896 | D:10     | Reached XP level 11. HP: 62/62 MP: 14/23
 14965 | D:10     | Noticed a two-headed ogre
 14965 | D:10     | Noticed a manticore
 15166 | Lair:1   | Learned a level 3 spell: Stone Arrow
 15656 | Lair:1   | Reached skill level 5 in Fighting
 15703 | Lair:1   | Reached skill level 5 in Necromancy
 16051 | D:9      | Killed from afar by Gastronok

Levels and vault maps discovered:
D:1:      minmay_arrival_shoal_huts, layout_basic, chequers_big_river
D:2:      layout_basic, uniq_terence, uniq_natasha
D:3:      layout_basic, lemuel_coloured_pillars_altar, uniq_crazy_yiuf_cottage
D:4:      layout_loops_ring, minmay_temple_entry_stoned_glass, elyvilon_altar_5
D:5:      layout_basic, kennysheep_little_box, first_ration, serial_shops,
          nicolae_shop_trees
D:6:      layout_rooms, serial_shops, nicolae_shop_overgrown_old_shop,
          skrybe_limestone_x
D:7:      layout_basic, minmay_overflow_temple_star_quad
D:8:      layout_gridville, serial_shops, kennysheep_mini_moat, shop_statue,
          grunt_livestock, kennysheep_okawaru_gauntlet, uniq_erica
D:9:      cheibrodos_two_vegetables, layout_small_grid,
          nicolae_overflow_crystal_walls, lair_entry_dummy, uniq_gastronok
D:10:     layout_basic
Temple:   regret_index_temple_sphere_string
Lair:1:   wander_river, layout_long_grid, basic_altar, grunt_megastairs_2

Skill      XL: |  1  2  3  4  5  6  7  8  9 10 11 |
---------------+----------------------------------+-----
Air Magic      | 5 6 7 8 9 10 | 10.8
Armour         | 1 2 3 4 |  4.7
Conjurations   | 2 3 4 5 |  5.4
Fighting       | 1 2 3 4 5 |  5.0
Spellcasting   | 3 5 7 8 |  8.6
Polearms       | 2 3 4 |  4.8
Necromancy     | 1 3 4 5 |  5.1
Shields        | 2 3 4 |  4.1
Dodging        | 3 4 |  4.1
Evocations     | 1 2 3 |  3.4
Throwing       | 1 |  1.1
Stealth        | |  2.0

Action                   |  1- 3 |  4- 6 |  7- 9 | 10-12 || total
-------------------------+-------+-------+-------+-------++-------
Melee: Whip              |     4 |       |       |       ||     4
       Kick              |     6 |     6 |    41 |    44 ||    97
       Peck              |     1 |     4 |    21 |    24 ||    50
       Dagger            |     8 |    20 |       |       ||    28
       Spear             |       |    27 |   153 |   232 ||   412
Throw: Dart              |       |     1 |    16 |       ||    17
 Cast: Shock             |    64 |    81 |     8 |    17 ||   170
       Swiftness         |     1 |     2 |     2 |     7 ||    12
       Static Discharge  |     1 |       |       |       ||     1
       Airstrike         |       |     7 |    93 |   120 ||   220
       Sublimation of Bl |       |       |       |     6 ||     6
       Animate Skeleton  |       |       |       |     2 ||     2
       Lightning Bolt    |       |       |       |     2 ||     2
 Abil: Fly               |       |     1 |       |       ||     1
  Use: Potion            |     2 |       |     2 |     1 ||     5
       Scroll            |       |       |    16 |     4 ||    20
 Stab: Sleeping          |     1 |     2 |       |       ||     3
  Eat: Chunk             |     2 |     9 |    18 |    24 ||    53
       Ration            |     1 |       |     4 |     3 ||     8
Armor: Robe              |     2 |       |       |       ||     2
       Leather armour    |    12 |     9 |    21 |    28 ||    70
       Ring mail         |       |       |     1 |    18 ||    19
Dodge: Dodged            |    34 |    27 |    85 |   146 ||   292
Block: Buckler           |       |       |    22 |    40 ||    62
